 Dungeon Crawl Stone Soup version 0.19.4-10-g532645f (webtiles) character file.

1624 Rrauwl the Basher (level 8, -19/80 HPs)
             Began as an Ogre Warper on Feb 26, 2017.
             Killed from afar by Erica (28 damage)
             ... with a bolt of poison
             ... on level 8 of the Dungeon.
             The game lasted 00:25:06 (4021 turns).

Rrauwl the Basher (Ogre Warper)                     Turns: 4021, Time: 00:25:06

Health: -19/80     AC:  5    Str: 18    XL:     8   Next: 97%
Magic:  12/12      EV: 10    Int: 12    God:
Gold:   216        SH:  0    Dex: 10    Spells: 1 memorised, 11 levels left

rFire  . . .     SeeInvis .     m - +1 giant club
rCold  . . .     Gourm    .     b - +0 robe
rNeg   . . .     Faith    .     (shield currently unavailable)
rPois  .         Spirit   .     (helmet restricted)
rElec  .         Reflect  .     h - +1 cloak
rCorr  .         Harm     .     (gloves unavailable)
MR     .....                    (boots unavailable)
Stlth  +.........               (no amulet)
                                (no ring)
                                (no ring)

@: lethally poisoned (-19 -> -28), slowed, very slow
A: unfitting armour, tough skin 1
a: no special abilities


You were on level 8 of the Dungeon.
You were not hungry.

You visited 1 branch of the dungeon, and saw 6 of its levels.

You collected 294 gold pieces.
You spent 78 gold pieces at shops.

Inventory:

Hand Weapons
 j - a +2 flail of protection
 m - a +1 giant club (weapon)
Missiles
 e - a tomahawk of dispersal (quivered)
 i - 6 tomahawks
 y - 2 throwing nets
Armour
 b - a +0 robe (worn)
 h - a +1 cloak (worn)
Scrolls
 d - 3 scrolls of blinking
 n - 4 scrolls of identify
 o - 2 scrolls of teleportation
 s - a scroll of fog {unknown}
 t - a scroll of magic mapping {unknown}
 u - a scroll of remove curse {unknown}
 z - a scroll of silence {unknown}
Potions
 p - a potion of flight
 v - a potion of lignification
Books
 c - a book of Spatial Translocations

   Spells                             Type                      Level
   a - Blink                          Translocation                2
   b - Shroud of Golubria             Charms/Translocation         2
   c - Lesser Beckoning               Translocation                3
   d - Portal Projectile              Translocation                3
   e - Teleport Other                 Translocation                3
   f - Passage of Golubria            Translocation                4
Comestibles
 a - 2 chunks of flesh
 f - 3 bread rations
 l - a meat ration
 q - 4 fruits
 x - a royal jelly


   Skills:
 - Level 5.0 Fighting
 + Level 13.2 Maces & Flails
 - Level 1.0 Throwing
 - Level 2.1 Dodging
 - Level 3.0 Spellcasting
 - Level 2.1 Translocations


You had 11 spell levels left.
You knew the following spells:

 Your Spells              Type           Power        Failure   Level  Hunger
a - Blink                 Tloc           N/A          17%         2    ###....


Dungeon Overview and Level Annotations

Branches:
Dungeon (5/15)               Lair (0/6) D:8
 Temple: D:4-7

Altars:
Zin

Shops:
D:4 !   D:8 [

Annotations:
D:8 Erica; flsc's ghost, novice MiFi


Innate Abilities, Weirdness & Mutations

You are too large for most types of armour.
You have tough skin. (AC +1)


Message History

* * * LOW HITPOINT WARNING * * *
Erica burns you.
* * * LOW HITPOINT WARNING * * *
You bump into the rock wall.
Erica barely misses you.
There is an entrance to Fanimium's Antique Armour Shop here.
You're too confused to move!
You feel less confused.
Erica hits you with a scimitar of flaming.
* * * LOW HITPOINT WARNING * * *
Erica burns you.
* * * LOW HITPOINT WARNING * * *
Erica hits you with a scimitar of flaming!
* * * LOW HITPOINT WARNING * * *
Erica burns you.
* * * LOW HITPOINT WARNING * * *
You feel better. Erica casts a spell at you. The bolt of poison hits you!
You are lethally poisoned!
You die...

#.........>##.#.##.# #
#..........#..#.##.#.#
#..........#.##......#
#..........#.......#...#
##........#..#.....#.....
##..........#.....# .###
###......###.....# ..
#..####.###....## .#
#....@........... .#
####.@#.#####.....
#..##.# ....# #.###.# #.
#.. #. ... .. .... .. ...


You could see Erica.

Vanquished Creatures
  Pikel (D:8)
  A hippogriff (D:8)
  The ghost of Magnus the Shield-Bearer, an amateur FoFi (D:4)
  4 slaves (D:8)
  An ogre (D:8)
  A big kobold (D:8)
  2 bullfrogs (D:8)
  A water moccasin skeleton (D:5)
  2 scorpions (D:8)
  A howler monkey (D:4)
  A crimson imp (D:8)
  A centaur zombie (D:8)
  2 orc wizards (D:8)
  A worker ant (D:4)
  2 hound skeletons (D:8)
  3 gnolls (D:4)
  6 adders
  An adder skeleton (D:4)
  3 worms
  3 dart slugs
  5 leopard geckos
  19 orcs
  2 ball pythons
  11 bats
  6 giant cockroaches
  8 goblins
  9 hobgoblins
  4 jackals (D:2)
  4 quokkas
  3 frilled lizards
  8 kobolds
  9 rats
126 creatures vanquished.

Vanquished Creatures (others)
  14 plants (D:8)
14 creatures vanquished.

Grand Total: 140 creatures vanquished

Notes
Turn   | Place    | Note
-------+----------+-------------------------------------------
     0 | D:1      | Rrauwl the Ogre Warper began the quest for the Orb.
     0 | D:1      | Reached XP level 1. HP: 22/22 MP: 3/3
    92 | D:1      | Reached XP level 2. HP: 22/31 MP: 5/5
   317 | D:1      | Reached skill level 3 in Maces & Flails
   566 | D:1      | Reached XP level 3. HP: 37/37 MP: 7/7
   927 | D:2      | Reached skill level 4 in Maces & Flails
  1001 | D:2      | Reached XP level 4. HP: 48/48 MP: 8/8
  2083 | D:3      | Reached XP level 5. HP: 55/55 MP: 9/9
  2193 | D:3      | Reached skill level 5 in Fighting
  2193 | D:3      | Reached skill level 5 in Maces & Flails
  2398 | D:4      | Found Caavvulol's Distillery.
  2403 | D:4      | Bought a potion of flight for 39 gold pieces
  2403 | D:4      | Bought a potion of lignification for 39 gold pieces
  2486 | D:4      | Learned a level 2 spell: Blink
  2565 | D:4      | Reached skill level 6 in Maces & Flails
  2679 | D:4      | Noticed Magnus's ghost (amateur FoFi)
  2695 | D:4      | Killed Magnus's ghost
  2695 | D:4      | Reached skill level 7 in Maces & Flails
  2695 | D:4      | Reached XP level 6. HP: 49/66 MP: 10/10
  3091 | D:4      | Found a glowing silver altar of Zin.
  3197 | D:5      | Entered Level 5 of the Dungeon
  3233 | D:5      | Reached skill level 8 in Maces & Flails
  3233 | D:5      | Reached XP level 7. HP: 62/72 MP: 11/11
  3303 | D:5      | You fall through a shaft for 3 floors!
  3303 | D:8      | Found a staircase to the Lair.
  3303 | D:8      | Noticed a komodo dragon
  3329 | D:8      | Noticed Pikel
  3454 | D:8      | Reached skill level 9 in Maces & Flails
  3487 | D:8      | Noticed flsc's ghost (novice MiFi)
  3602 | D:8      | Reached skill level 10 in Maces & Flails
  3618 | D:8      | Noticed a hippogriff
  3622 | D:8      | Reached XP level 8. HP: 52/80 MP: 12/12
  3642 | D:8      | Killed a hippogriff
  3642 | D:8      | Reached skill level 11 in Maces & Flails
  3866 | D:8      | Killed Pikel
  3866 | D:8      | Reached skill level 13 in Maces & Flails
  4009 | D:8      | Noticed Erica
  4011 | D:8      | Found Fanimium's Antique Armour Shop.
  4020 | D:8      | HP: 2/80 [Erica/scimitar of flaming (4)]
  4021 | D:8      | Killed from afar by Erica

Skill      XL: |  1  2  3  4  5  6  7  8 |
---------------+-------------------------+-----
Fighting       | 3 4 5 |  5.0
Maces & Flails | 3 4 7 8 10 13 | 13.2
Spellcasting   | 3 |  3.0
Throwing       | |  1.0
Dodging        | |  2.1
Translocations | |  2.1

Action                   |  1- 3 |  4- 6 |  7- 9 || total
-------------------------+-------+-------+-------++-------
Melee: Mace              |   122 |    85 |       ||   207
       Flail             |       |   114 |    60 ||   174
       Giant club        |       |       |    53 ||    53
Throw: Tomahawk          |       |     4 |       ||     4
 Cast: Blink             |       |       |     1 ||     1
  Use: Scroll            |       |     5 |     3 ||     8
       Potion            |       |     4 |     3 ||     7
 Stab: Sleeping          |       |     1 |       ||     1
  Eat: Chunk             |     1 |     7 |     3 ||    11
Armor: Robe              |    52 |    86 |    32 ||   170
Dodge: Dodged            |    66 |   107 |    38 ||   211
